 Dungeon Crawl Stone Soup version 0.32-a0-13-gbaedc5810e (webtiles) character file.

Game seed: 16345033084111027499

504 Essalna the Digger (level 7, 0/36 HPs)
             Began as a Gargoyle Earth Elementalist on Jan 15, 2024.
             Was an Initiate of Vehumet.
             Slain by Pikel
             ... wielding a +2 whip of freezing
              (2 damage)
             ... on level 5 of the Dungeon.
             The game lasted 00:08:33 (4227 turns).

Essalna the Digger (Gargoyle Earth Elementalist)    Turns: 4227, Time: 00:08:34

Health: 0/36       AC:  8    Str: 10 (12) XL:     7   Next: 17%
Magic:  4/12       EV: 11    Int: 14 (17) God:    Vehumet [......]
Gold:   302        SH:  4    Dex:  8 (10) Spells: 9/13 levels left

rFire   . . .        g - +1 short sword (venom)
rCold   . . .        d - +0 buckler
rNeg    + . .        a - +0 robe
rPois   ∞            m - +1 helmet
rElec   +            (no cloak)
rCorr   .            (no gloves)
SInv    .            (no boots)
Will    .....        r - amulet of magic regeneration
Stlth   ++           (no ring)
HPRegen 0.26/turn    (no ring)
MPRegen 0.53/turn

%: no passive effects
@: very slightly contaminated
A: sickness immunity, AC +4, negative energy resistance 1, electricity
resistance, torment resistance 1, petrification resistance
a: Renounce Religion


You were on level 5 of the Dungeon.
You worshipped Vehumet.
Vehumet was noncommittal.
You visited 2 branches of the dungeon, and saw 6 of its levels.

You collected 302 gold pieces.

Inventory:

Hand Weapons
 g - a +1 short sword of venom (weapon)
Armour
 a - a +0 robe (worn)
 d - a +0 buckler (worn)
 m - a +1 helmet (worn)
Magical Staves
 w - a staff of fire
Jewellery
 h - a ring of fire
 p - an amulet of regeneration
 r - an amulet of magic regeneration (around neck)
 t - an amulet of guardian spirit
Wands
 l - a wand of flame (16)
 q - a wand of mindburst (9)
Scrolls
 c - 4 scrolls of identify {unknown}
 e - 2 scrolls of revelation {unknown}
 j - 2 scrolls of teleportation {unknown}
 o - 2 scrolls of poison {unknown}
 s - 2 scrolls of enchant weapon {unknown}
 u - a scroll of enchant armour {unknown}
 v - 2 scrolls of fear {unknown}
 x - a scroll of vulnerability {unknown}
 y - a scroll of fog {unknown}
Potions
 b - a potion of magic
 f - 2 potions of curing {unknown}
 i - 3 potions of degeneration
 k - a potion of berserk rage {unknown}
 n - a potion of invisibility {unknown}
 z - a potion of might {unknown}


   Skills:
 - Level 1.5 Dodging
 - Level 2.1 Stealth
 + Level 3.7 Shields
 + Level 3.8 Spellcasting
 + Level 4.0 Conjurations
 + Level 5.6 Earth Magic


You had 9 spell levels left.
You knew the following spells:

 Your Spells              Type           Power      Damage    Failure   Level
a - Sandblast             Erth           36%        2d10      2%          1
b - Stone Arrow           Conj/Erth      32%        3d9       12%         3

Your spell library contained the following spells:

 Spells                   Type           Power      Damage    Failure   Level
 Passwall                 Erth           18%        N/A       9%          3
 Foxfire                  Conj/Fire      32%        2x1d5     12%         1
 Kiss of Death            Conj/Necr      32%        2d7       12%         1
 Momentum Strike          Conj/Tloc      16%        3d8       19%         2
 Brom's Barrelling Bould  Conj/Erth      16%        2d4       36%         4
 Blink                    Tloc           4%         N/A       38%         2
 Lesser Beckoning         Tloc           4%         N/A       38%         2
 Confusing Touch          Hex            2%         N/A       63%         3
 Petrify                  Alch/Erth      10%        N/A       65%         4
 Dispel Undead            Necr           2%         3d7       95%         4


Dungeon Overview and Level Annotations

Branches:
Dungeon (5/15)             Temple (1/1) D:4

Altars:
Ashenzari
Cheibriados
Fedhas
Gozag
Hepliaklqana
Kikubaaqudgha
Makhleb
Okawaru
Qazlal
Ru
Sif Muna
Trog
Uskayaw
Vehumet
Wu Jian
Xom
Yredelemnul
Zin
The Shining One

Annotations:
D:5 Pikel


Innate Abilities, Weirdness & Mutations

You are immune to sickness and miasma.
Your stone body is resilient. (AC +4)
You are immune to poison.
You resist negative energy. (rN+)
You are resistant to electric shocks. (rElec)
You are resistant to unholy torment.
You are immune to petrification.


Message History

Nothing appears to happen.
Pikel hits you with a +2 whip of freezing.
Pikel freezes you. The lemure hits you but does no damage.
Casting: Stone Arrow (dangerous; 9% risk of failure)
Confirm with . or Enter, or press ? or * to list all spells.
Aiming: Stone Arrow (dangerous; 9% risk of failure)
Press: ? - help, Shift-Dir - straight line, f/p - Pikel
Aim: Pikel, wielding a +2 whip of freezing and wearing a +0 robe (lightly wounded, 60% to hit)
The stone arrow misses Pikel.
Pikel closely misses you. You block the lemure's attack.
Casting: Stone Arrow (dangerous; 9% risk of failure)
Confirm with . or Enter, or press ? or * to list all spells.
Aiming: Sandblast (safe; 2% risk of failure)
Press: ? - help, Shift-Dir - straight line, f/p - Pikel
Aim: Pikel, wielding a +2 whip of freezing and wearing a +0 robe (lightly wounded, 79% to hit)
The blast of sand hits Pikel.
Pikel is moderately wounded.
Pikel closely misses you. The lemure hits you but does no damage.
The lemure hits you. You block Pikel's attack.
Casting: Sandblast (safe; 2% risk of failure)
Confirm with . or Enter, or press ? or * to list all spells.
Aiming: Sandblast (safe; 2% risk of failure)
Press: ? - help, Shift-Dir - straight line, f/p - Pikel
Aim: Pikel, wielding a +2 whip of freezing and wearing a +0 robe (moderately wounded, 79% to hit)
The blast of sand hits Pikel.
Pikel is moderately wounded.
The lemure hits you.
* * * LOW HITPOINT WARNING * * *
The lemure hits you but does no damage.
Pikel hits you with a +2 whip of freezing.
* * * LOW HITPOINT WARNING * * *
Pikel freezes you.
* * * LOW HITPOINT WARNING * * *
The lemure hits you but does no damage. The lemure misses you.
It was a potion of degeneration.
There was something very wrong with that liquid.
You feel weakened.
You feel dopey.
You feel clumsy.
Pikel hits you with a +2 whip of freezing.
You die...
Pikel says, "Another soul for the market."

.... ##.......##.....).....
...# ##......^............
..# ###..........##..#.##.
....##...#.##....##...# .#
>.......#####..#####.## .#
...........##.....#...##...
..........#####....<.......
....#.#....# ##......#....
....#.#...@## ##.....#....
..# #.###55K###.#......##..
.. .. #.................. #
#..................
≈≈≈~.#..............##
#####.##.....##..##.##
....#.#......# #.#
#.#.......# #. .. .......#


You could see Pikel and 2 lemures.

Vanquished Creatures
  A black bear (D:5)
  2 lemures
  2 hounds (D:4)
  A jelly (D:2)
  Ijyb (D:3)
  Natasha (thrice) (D:2)
  Terence (D:3)
  Robin (D:2)
  6 adders
  2 ribbon worms
  A dart slug (D:1)
  16 orcs
  8 endoplasms
  2 giant cockroaches
  18 goblins
  14 hobgoblins
  4 jackals (D:5)
  16 kobolds
  4 ball pythons
  A bat (D:3)
  10 frilled lizards
  7 rats
121 creatures vanquished.

Notes
Turn   | Place    | Note
-------+----------+-------------------------------------------
     0 | D:1      | Essalna the Gargoyle Earth Elementalist began the quest for
                  | the Orb.
     0 | D:1      | Reached XP level 1. HP: 10/10 MP: 3/3
   328 | D:1      | Reached XP level 2. HP: 15/15 MP: 1/5
   708 | D:1      | Reached skill level 4 in Earth Magic
   880 | D:1      | Reached skill level 1 in Shields
   924 | D:1      | Reached XP level 3. HP: 19/19 MP: 4/6
  1149 | D:2      | Found a faded altar of an unknown god.
  1157 | D:2      | Got Plato's Exposition on the Summer
  1331 | D:2      | Noticed Natasha
  1338 | D:2      | Killed Natasha
  1449 | D:2      | Reached XP level 4. HP: 24/24 MP: 4/8
  1689 | D:2      | Noticed Natasha
  1694 | D:2      | Killed Natasha
  1695 | D:2      | Reached XP level 5. HP: 21/28 MP: 4/9
  1801 | D:2      | Learned a level 3 spell: Stone Arrow
  1923 | D:2      | Noticed Natasha
  1927 | D:2      | Killed Natasha
  2088 | D:2      | Noticed Robin
  2095 | D:2      | Killed Robin
  2680 | D:3      | Noticed Terence
  2691 | D:3      | Noticed Ijyb
  2696 | D:3      | Killed Ijyb
  2697 | D:3      | Reached skill level 5 in Earth Magic
  2697 | D:3      | Reached XP level 6. HP: 17/32 MP: 6/10
  2925 | D:3      | Killed Terence
  3831 | D:4      | Found a staircase to the Ecumenical Temple.
  3832 | D:4      | Found a burning altar of Makhleb.
  3839 | Temple   | Entered the Ecumenical Temple
  3856 | Temple   | Became a worshipper of Vehumet
  4018 | D:5      | Entered Level 5 of the Dungeon
  4019 | D:5      | Noticed a black bear
  4026 | D:5      | Killed a black bear
  4027 | D:5      | Reached XP level 7. HP: 27/36 MP: 10/12
  4213 | D:5      | Noticed Pikel
  4227 | D:5      | Slain by Pikel

Illustrated notes

Levels and vault maps discovered:
D:1:      sevenhm_arrival_forest_fort_large_3, layout_basic, minmay_lizard_pond
D:2:      layout_loops_corners, shapermc_ecumenical_altar_rom_forum,
          uniq_natasha, uniq_robin
D:3:      layout_basic, dk_noncrumbling_4, uniq_ijyb, uniq_terence
D:4:      corexii_shack_village, layout_rooms, mainiacjoe_overflow_alcove_2,
          minmay_temple_entry_junction, serial_glass, glass_columns_a,
          glass_columns_a, minmay_fountain_box, grunt_ministairs_14
D:5:      layout_cave_pools, grunt_decor_cap, uniq_pikel
Temple:   nicolae_temple_two_arcs

Skill      XL: |  1  2  3  4  5  6 |
---------------+-------------------+-----
Earth Magic    | 4 5 |  5.6
Shields        | 1 2 3 |  3.7
Conjurations   | 2 3 4 |  4.0
Spellcasting   | 3 |  3.8
Dodging        | |  1.5
Stealth        | |  2.1

Action                     |  1- 3 |  4- 6 |  7- 9 || total
---------------------------+-------+-------+-------++-------
  Melee: Unarmed           |    15 |       |       ||    15
         Short sword       |       |     5 |       ||     5
   Cast: Sandblast         |    39 |   142 |    30 ||   211
         Stone Arrow       |       |       |     2 ||     2
  Evoke: Wand              |       |     3 |       ||     3
    Use: Potion            |       |       |     1 ||     1
 Armour: Robe              |    16 |    65 |    24 ||   105
  Dodge: Dodged            |    11 |    56 |     8 ||    75
  Block: Buckler           |       |    24 |     7 ||    31

Table legend: (Time is in decaauts)
 A = Elapsed time spent in this place.
 B = Non-inter-level travel time spent in this place.
 C = Inter-level travel time spent in this place.
 D = Time resting spent in this place.
 E = Time spent auto-exploring this place.
 F = Levels seen in this place.
 G = Mean time per level.
                   A        B        C        D        E       F      G
               +--------+--------+--------+--------+--------+-----+--------+
         Total |   4340 |   4124 |    216 |      0 |   3345 |   6 |  723.3 |
       Dungeon |   4314 |   4106 |    208 |      0 |   3345 |   5 |  862.8 |
        Temple |     26 |     18 |      8 |      0 |      0 |   1 |   26.0 |
               +--------+--------+--------+--------+--------+-----+--------+

Top non-repeatable levels by time:
     D:2: 1327 daAuts
     D:1: 1140 daAuts
     D:3: 873 daAuts
     D:4: 829 daAuts
     D:5: 143 daAuts
  Temple: 26 daAuts
